 Dungeon Crawl Stone Soup version 0.30-a0-605-gb2882149bf (webtiles) character file.

Game seed: 7976153630062619925

640 bmack86 the Trooper (level 7, 0/63 HPs)
             Began as a Minotaur Fighter on Jan 8, 2023.
             Killed from afar by Ijyb (6 damage)
             ... with a puff of flame
             ... on level 5 of the Dungeon.
             The game lasted 00:10:12 (2553 turns).

bmack86 the Trooper (Minotaur Fighter)              Turns: 2553, Time: 00:10:13

Health: 0/63       AC: 11    Str: 22    XL:     7   Next: 26%
Magic:  6/6        EV:  7    Int:  5    God:
Gold:   186        SH:  5    Dex: 10    Spells: 6/6 levels left

rFire   . . .      SeeInvis .    a - +0 war axe
rCold   . . .      Faith    .    c - +0 buckler
rNeg    . . .      Spirit   .    s - +0 chain mail
rPois   .          Reflect  .    (helmet restricted)
rElec   .          Harm     .    (no cloak)
rCorr   .          Rampage  .    u - +0 pair of gloves
Will    .....                    (no boots) Stlth
                                 (no amulet)
HPRegen 0.30/turn                (no ring)
MPRegen 0.10/turn                (no ring)

@: weak-willed
A: horns 2, retaliatory headbutt
a: no special abilities


You were on level 5 of the Dungeon.
You visited 1 branch of the dungeon, and saw 5 of its levels.

You collected 186 gold pieces.

Inventory:

Hand Weapons
 a - a +0 war axe (weapon)
Missiles
 l - 5 atropa-tipped darts (quivered)
 t - 4 silver javelins
Armour
 b - a +0 scale mail
 c - a +0 buckler (worn)
 s - a +0 chain mail (worn)
 u - a +0 pair of gloves (worn)
Scrolls
 e - a scroll of fear {unknown}
 f - a scroll of noise
 g - a scroll of teleportation {unknown}
 i - a scroll of immolation
 j - a scroll of magic mapping {unknown}
 k - a scroll of acquirement {unknown}
 o - a scroll of vulnerability
 p - a scroll of torment {unknown}
 v - 2 scrolls of blinking
Potions
 d - a potion of might
 h - 4 potions of curing
 m - a potion of mutation
 n - a potion of heal wounds
 r - a potion of lignification {unknown}


   Skills:
 * Level 6.3 Fighting
 * Level 5.7 Axes
 + Level 2.3 Throwing
 + Level 5.0 Armour
 + Level 5.1 Shields


You had 6 spell levels left.
You didn't know any spells.
Your spell library contained the following spells:

 Spells                   Type           Power      Damage    Failure   Level
 Blink                    Tloc           0%         N/A       100%        2
 Dazzling Flash           Conj/Hex       0%         N/A       100%        3
 Manifold Assault         Tloc           0%         N/A       100%        4
 Agony                    Necr           0%         N/A       100%        5
 Silence                  Hex/Air        0%         N/A       100%        5
 Storm Form               Tmut/Air       0%         N/A       100%        7


Dungeon Overview and Level Annotations

Branches:
Dungeon (5/15)
 Temple: D:4-7

Altars:
Cheibriados
Qazlal

Annotations:
D:5 Ijyb


Innate Abilities, Weirdness & Mutations

You have a pair of horns on your head.
You reflexively headbutt those who attack you in melee.


Message History

An orc priest comes into view. It is wielding a +0 flail.
The orc priest shouts!
An orc comes into view. It is wielding a +0 dagger.
Ijyb the Twisted Goblin comes into view.
She is wielding a +0 club and carrying a wand of flame (9).
The orc priest invokes the aid of Beogh against you.
Beogh smites you! You block the orc's attack.
You slash the orc!
You kill the orc!
Ijyb zaps a wand.
The puff of flame misses you. The orc hits you but does no damage.
You hit the orc.
The orc is severely wounded.
The orc priest calls down the wrath of Beogh upon you.
Beogh smites you!
Ijyb zaps a wand.
The puff of flame hits you but does no damage.
The orc hits you with a +0 war axe.
You barely miss the orc.
The orc is severely wounded.
You block the orc's attack.
You closely miss the orc. You headbutt the orc.
You kill the orc!
You hit the orc.
The orc priest mumbles some strange prayers to Beogh against you.
Beogh smites you!
* * * LOW HITPOINT WARNING * * *
The orc completely misses you. The orc hits you but does no damage.
The orc priest hits you with a +0 flail.
* * * LOW HITPOINT WARNING * * *
Items here: )) [ †.
You completely miss the orc.
You hit the orc priest but do no damage.
You hit the orc.
You kill the orc!
The orc barely misses you.
The orc priest hits you but does no damage.
Ijyb zaps a wand.
The puff of flame hits you but does no damage.
You block the orc's attack.
Ijyb zaps a wand.
The puff of flame hits you.
You die...

##.....##
##.......##
#.........#
#.........#
#.........#
#.........#
#.........#
##.......###
#.....@)g..###
#....°oo......
#......○......
#.............
#.............
##............
##...........
....##......
.....# ......


You could see Ijyb, an orc priest and an orc.

Vanquished Creatures
  A phantom (D:4)
  3 scorpions
  A howler monkey (D:3)
  2 hounds (D:4)
  2 orc priests (D:4)
  An iron imp (D:3)
  An orc wizard (D:3)
  Robin (D:2)
  4 adders
  2 worms
  3 dart slugs
  20 orcs
  3 ball pythons
  9 bats
  4 endoplasms
  5 giant cockroaches
  22 goblins
  6 hobgoblins
  6 jackals
  3 quokkas
  2 frilled lizards
  9 kobolds
  2 rats (D:2)
112 creatures vanquished.

Notes
Turn   | Place    | Note
-------+----------+-------------------------------------------
     0 | D:1      | bmack86 the Minotaur Fighter began the quest for the Orb.
     0 | D:1      | Reached XP level 1. HP: 19/19 MP: 0/0
    63 | D:1      | Reached XP level 2. HP: 27/27 MP: 1/1
   155 | D:1      | Reached skill level 4 in Fighting
   280 | D:1      | Reached XP level 3. HP: 22/33 MP: 2/2
   476 | D:2      | Noticed Robin
   496 | D:2      | Killed Robin
   592 | D:2      | Reached XP level 4. HP: 41/41 MP: 3/3
  1164 | D:3      | Found a snail-covered altar of Cheibriados.
  1542 | D:3      | Reached skill level 1 in Throwing
  1583 | D:3      | Reached XP level 5. HP: 47/47 MP: 4/4
  1645 | D:4      | Reached skill level 5 in Fighting
  1775 | D:3      | Reached XP level 6. HP: 21/56 MP: 5/5
  2023 | D:4      | Reached skill level 5 in Axes
  2028 | D:4      | Reached skill level 6 in Fighting
  2037 | D:4      | Reached skill level 5 in Shields
  2037 | D:4      | Reached XP level 7. HP: 44/63 MP: 6/6
  2322 | D:4      | Found a stormy altar of Qazlal.
  2531 | D:5      | Entered Level 5 of the Dungeon
  2540 | D:5      | Reached skill level 5 in Armour
  2546 | D:5      | Noticed Ijyb
  2553 | D:5      | Killed from afar by Ijyb

Illustrated notes

Levels and vault maps discovered:
D:1:      scummos_arrival_hexagon, layout_rooms
D:2:      layout_basic, uniq_robin
D:3:      layout_basic, slow_altar_1
D:4:      layout_rooms, mainiacjoe_overflow_alcove_4, moated_statue,
          minmay_fractal_squares_5
D:5:      layout_rooms, overflow_temple_1_default, mainiacjoe_overflow_chevrons,
          minmay_temple_entry_butterflies, minmay_divided_ellipse,
          uniq_menkaure, uniq_ijyb

Skill      XL: |  1  2  3  4  5  6  7 |
---------------+----------------------+-----
Fighting       | 4 5 6 |  6.3
Axes           | 3 4 5 |  5.7
Armour         | 4 5 |  5.0
Shields        | 4 5 |  5.1
Throwing       | 1 2 |  2.3

Action                   |  1- 3 |  4- 6 |  7- 9 || total
-------------------------+-------+-------+-------++-------
Melee: War axe           |    81 |   132 |    21 ||   234
       Headbutt          |     9 |    20 |     3 ||    32
  Use: Scroll            |       |     2 |     5 ||     7
       Potion            |       |     2 |       ||     2
Armor: Scale mail        |    53 |    56 |       ||   109
       Chain mail        |       |    11 |    16 ||    27
Dodge: Dodged            |    52 |    63 |    12 ||   127
Block: Buckler           |    23 |    47 |    11 ||    81

Table legend: (Time is in decaauts)
 A = Elapsed time spent in this place.
 B = Non-inter-level travel time spent in this place.
 C = Inter-level travel time spent in this place.
 D = Time resting spent in this place.
 E = Time spent auto-exploring this place.
 F = Levels seen in this place.
 G = Mean time per level.
                   A        B        C        D        E       F      G
               +--------+--------+--------+--------+--------+-----+--------+
         Total |   2638 |   2594 |     44 |    305 |   1434 |   5 |  527.6 |
       Dungeon |   2638 |   2594 |     44 |    305 |   1434 |   5 |  527.6 |
               +--------+--------+--------+--------+--------+-----+--------+

Top non-repeatable levels by time:
     D:3: 900 daAuts
     D:4: 646 daAuts
     D:1: 587 daAuts
     D:2: 481 daAuts
     D:5: 23 daAuts
